 Dungeon Crawl Stone Soup version 0.28-b1-25-g9875b3fc8c (webtiles) character file.

Game seed: 9788172277022347502

209 unlimited1921 the Chopper (level 5, -1/47 HPs)
             Began as a Minotaur Fighter on Feb 1, 2022.
             Killed by divine providence
             ... invoked by an orc priest
              (14 damage)
             ... on level 4 of the Dungeon.
             The game lasted 00:06:59 (2494 turns).

unlimited1921 the Chopper (Minotaur Fighter)        Turns: 2494, Time: 00:06:59

Health: -1/47      AC: 11    Str: 21    XL:     5   Next: 55%
Magic:  4/4        EV: 10    Int:  5    God:
Gold:   155        SH:  0    Dex: 11    Spells: 4/4 levels left

rFire   . . .      SeeInvis +   a - +0 war axe
rCold   . . .      Faith    .   v - orb {*Rage}
rNeg    . . .      Spirit   .   b - +0 scale mail
rPois   .          Reflect  .   (helmet restricted)
rElec   .          Harm     .   (no cloak)
rCorr   .          Rampage  .   (no gloves)
Will    .....      Rage     20% (no boots)
Stlth   ..........              (no amulet)
HPRegen 0.15/turn               h - +4 ring of protection
MPRegen 0.09/turn               u - ring of see invisible

@: no status effects
A: horns 2, retaliatory headbutt
a: no special abilities


You were on level 4 of the Dungeon.
You visited 1 branch of the dungeon, and saw 4 of its levels.

You collected 155 gold pieces.

Inventory:

Hand Weapons
 a - a +0 war axe (weapon)
 g - a +0 short sword
 o - a +0 hunting sling
Missiles
 k - 13 sling bullets
 l - 6 poisoned darts
 p - 38 stones
 w - 13 bolts
 z - 6 boomerangs (quivered)
Armour
 b - a +0 scale mail (worn)
 c - a +0 buckler
 v - an orb of wrath (worn)
Jewellery
 h - a +4 ring of protection (left hand)
 u - a ring of see invisible (right hand)
Scrolls
 e - a scroll of fear {unknown}
 f - 2 scrolls of teleportation {unknown}
 i - 2 scrolls of enchant armour {unknown}
 j - 5 scrolls of identify {unknown}
 m - a scroll of holy word
 q - a scroll of silence {unknown}
 s - a scroll of summoning {unknown}
 y - 3 scrolls of magic mapping {unknown}
Potions
 d - 2 potions of might
 n - 3 potions of curing {unknown}
 r - a potion of ambrosia {unknown}
 t - a potion of berserk rage {unknown}
 x - a potion of brilliance {unknown}


   Skills:
 + Level 4.7 Fighting
 + Level 5.0 Axes
 + Level 4.6 Armour
 + Level 1.0 Dodging
 + Level 0.3 Stealth
 + Level 4.1 Shields


You had 4 spell levels left.
You didn't know any spells.
Your spell library contained the following spells:

 Spells                   Type           Power      Damage    Failure   Level
 Magic Dart               Conj           0%         1d3       80%         1
 Searing Ray              Conj           0%         2d4       91%         2
 Call Canine Familiar     Summ           0%         N/A       99%         3
 Dazzling Flash           Conj/Hex       0%         N/A       99%         3
 Gell's Gravitas          Tloc           0%         N/A       99%         3
 Lesser Beckoning         Tloc           0%         N/A       99%         3
 Portal Projectile        Hex/Tloc       0%         N/A       99%         3
 Teleport Other           Tloc           0%         N/A       99%         3
 Fulminant Prism          Conj/Hex       0%         3d6       100%        4
 Leda's Liquefaction      Hex/Erth       0%         N/A       100%        4
 Agony                    Necr           0%         N/A       100%        5
 Silence                  Hex/Air        0%         N/A       100%        5


Dungeon Overview and Level Annotations

Branches:
Dungeon (4/15)
 Temple: D:4-7

Altars:
Trog
Vehumet

Shops:
D:3 =

Annotations:
D:3 3 runed translucent doors, FuzzyBison's ghost, amateur TrWr


Innate Abilities, Weirdness & Mutations

You have a pair of horns on your head.
You reflexively headbutt those who attack you in melee.


Message History

You furiously retaliate!
You headbutt the orc priest. You hit the orc priest.
Your headbutt misses the orc priest.
The orc priest is almost dead.
You slash the orc!
You kill the orc!
You completely miss the orc. The orc hits you but does no damage.
The orc priest barely misses you. The orc hits you with a +0 dagger.
Unknown command.
You hit the orc priest.
You kill the orc priest!
You barely miss the orc. You completely miss the orc priest.
The orc priest hits you with a +0 hand axe.
The orc hits you but does no damage.
Your Axes skill increases to level 5!
Your Dodging skill increases to level 1!
You closely miss the orc priest. You hit the orc but do no damage.
The orc priest hits you with a +0 hand axe.
The orc completely misses you.
The orc priest hits you but does no damage.
You barely miss the orc priest. You barely miss the orc.
The orc hits you with a +0 dagger.
The orc priest hits you but does no damage.
You are too injured to fight recklessly!
You are too injured to fight recklessly!
You are too injured to fight recklessly!
A goblin comes into view. It is wielding a +0 dagger.
The goblin unwields a +0 dagger.
The goblin wields a +0 hunting sling.
The goblin shoots a stone.
The stone hits you but does no damage.
The goblin shoots a stone.
The stone closely misses you.
The orc priest invokes the aid of Beogh against you.
Beogh smites you!
* * * LOW HITPOINT WARNING * * *
The goblin shoots a stone.
The stone barely misses you. The orc hits you but does no damage.
The orc priest hits the plant with a +0 hand axe.
The plant begins to die.
A nearby plant withers and dies.
The orc priest calls down the wrath of Beogh upon you.
Beogh smites you!
You die...

#....##..........#..#.....##..##
#....##.PPPPPPP..#.............#
#....##..........# ..####.####.#
#..g.##.P.PPPg...#...##.....##.#
##....##.P.....P..#...#...†...#.#
.........P.._..P..#...#.......#^#
)).#.....P.....Po........._.....#
...#.....P.PPPoP.####.#.......#.#
####............@####.#.......#..
#.....PPPPPPP).....##.....##.#
#.............###..####.####..
#......#.....#...............#
###+####..#..#..#.#......#.###
#..............#.#.#..###.# #
...##....>#..#.#...)....# #
#.##.###.#..#.###..##### #
#........#..#.# #..#######


You could see an orc priest, an orc and a goblin.

Vanquished Creatures
  A scorpion (D:4)
  A howler monkey (D:3)
  An orc priest (D:4)
  2 adders (D:2)
  2 worms
  A dart slug (D:1)
  An orc (D:4)
  6 ball pythons
  5 bats
  7 endoplasms
  5 goblins
  5 hobgoblins
  3 jackals (D:2)
  6 kobolds
  4 quokkas
  A frilled lizard (D:1)
  5 rats
56 creatures vanquished.

Vanquished Creatures (others)
  A plant (D:4)
1 creature vanquished.

Grand Total: 57 creatures vanquished

Notes
Turn   | Place    | Note
-------+----------+-------------------------------------------
     0 | D:1      | unlimited1921 the Minotaur Fighter began the quest for the
                  | Orb.
     0 | D:1      | Reached XP level 1. HP: 19/19 MP: 0/0
   160 | D:1      | Reached XP level 2. HP: 24/27 MP: 1/1
   712 | D:2      | Reached XP level 3. HP: 33/33 MP: 2/2
   718 | D:2      | Reached skill level 3 in Axes
  1249 | D:2      | Noticed an eye of devastation
  1254 | D:2      | Found a faded altar of an unknown god.
  1261 | D:2      | Noticed a floating eye
  1272 | D:2      | Reached XP level 4. HP: 39/41 MP: 3/3
  1290 | D:2      | Noticed a floating eye
  1421 | D:2      | Noticed a golden eye
  1809 | D:3      | Reached skill level 4 in Axes
  1960 | D:3      | Found a runed translucent gate.
  1960 | D:3      | Found a runed translucent gate.
  1960 | D:3      | Found a runed translucent gate.
  1961 | D:3      | Noticed FuzzyBison's ghost (amateur TrWr)
  2051 | D:3      | Found Osimim's Jewellery Shoppe.
  2327 | D:4      | Found a radiant altar of Vehumet.
  2327 | D:4      | Noticed a scorpion
  2336 | D:4      | Killed a scorpion
  2337 | D:4      | Reached XP level 5. HP: 47/47 MP: 4/4
  2442 | D:4      | Found a bloodstained altar of Trog.
  2469 | D:4      | Reached skill level 5 in Axes
  2469 | D:4      | Reached skill level 1 in Dodging
  2494 | D:4      | Killed from afar by an orc priest

Illustrated notes

Levels and vault maps discovered:
D:1:      dpeg_arrival_boxorama, layout_basic, minmay_tall_x
D:2:      layout_loops_cross, hellmonk_ecumenical_altar_watching_god
D:3:      layout_loops_ring, gammafunk_ghost_necromancy, serial_shops, shop
D:4:      layout_basic, mainiacjoe_overflow_cross_hatched, old_standard_altar

Skill      XL: |  1  2  3  4  5 |
---------------+----------------+-----
Fighting       | 4 |  4.7
Armour         | 4 |  4.6
Axes           | 3 4 5 |  5.0
Shields        | 4 |  4.1
Dodging        | 1 |  1.0
Stealth        | |  0.3

Action                   |  1- 3 |  4- 6 || total
-------------------------+-------+-------++-------
Melee: War axe           |    86 |    37 ||   123
       Headbutt          |     5 |     5 ||    10
  Use: Scroll            |     1 |       ||     1
Armor: Scale mail        |    50 |    28 ||    78
Dodge: Dodged            |    52 |    15 ||    67
Block: Buckler           |    17 |     2 ||    19
